 Seeded DCSS version 0.30-a0-743-gbfdf073431 (webtiles) character file.

Game seed: 5430720872467839093 (custom seed)

2429 purpskrrrp the Grasshopper (level 9, -8/74 HPs)
             Began as a Demigod Warper on Feb 7, 2023.
             Mangled by a gnoll sergeant
             ... wielding a +3 heavy spear
              (10 damage)
             ... on level 8 of the Dungeon.
             The game lasted 00:12:21 (5702 turns).

purpskrrrp the Grasshopper (Demigod Warper)         Turns: 5702, Time: 00:12:21

Health: -8/74      AC:  9    Str: 29    XL:     9   Next: 4%
Magic:  18/18      EV: 14    Int: 19    God:
Gold:   587        SH:  0    Dex: 18    Spells: 10/16 levels left

rFire   . . .      SeeInvis .    u - +1 battleaxe (freeze)
rCold   + . .      Faith    .    (shield currently unavailable)
rNeg    . . .      Spirit   .    B - +2 robe of Binutifa {rPois Dex+5}
rPois   +          Reflect  .    (no helmet)
rElec   .          Harm     +    m - +4 cloak of Fortitude {Harm rC+ Str+3}
rCorr   .          Rampage  .    (no gloves)
Will    +....      Clarity  +    (no boots)
Stlth   ++                       (no amulet)
HPRegen 0.32/turn                l - +6 ring of strength
MPRegen 0.16/turn                (no ring)

@: on berserk cooldown, slowed, studying Fighting, very slow
A: high MP 1, forlorn, divine attributes, clarity, strong-willed 1
a: no special abilities


You were on level 8 of the Dungeon.
You visited 1 branch of the dungeon, and saw 7 of its levels.

You collected 1014 gold pieces.
You spent 427 gold pieces at shops.

Inventory:

Hand Weapons
 a - a +0 hand axe of flaming
 u - a +1 battleaxe of freezing (weapon)
Armour
 b - a +0 leather armour
 m - the +4 cloak of Fortitude (worn) {Harm rC+ Str+3}
   (You acquired it on level 2 of the Dungeon)

   Str:       It affects your strength (+3).
   rC:        It protects you from cold.
   Harm:      It increases damage dealt and taken.
 B - the +2 robe of Binutifa (worn) {rPois Dex+5}
   (You found it on level 3 of the Dungeon)

   Dex:       It affects your dexterity (+5).
   rPois:     It protects you from poison.
Jewellery
 l - a +6 ring of strength (left hand)
 o - a ring of protection from cold
 E - a ring of positive energy
Wands
 y - a wand of mindburst (18)
Scrolls
 d - a scroll of torment {unknown}
 e - a scroll of fog {unknown}
 f - 3 scrolls of amnesia {unknown}
 g - a scroll of poison {unknown}
 j - 2 scrolls of noise
 k - 4 scrolls of teleportation {unknown}
 p - a scroll of immolation {unknown}
 q - 4 scrolls of enchant armour
 v - a scroll of silence {unknown}
 D - a scroll of butterflies {unknown}
 F - 2 scrolls of magic mapping {unknown}
Potions
 h - 3 potions of attraction
 s - a potion of degeneration
 x - a potion of ambrosia {unknown}
 z - 2 potions of berserk rage
 A - 2 potions of lignification
 G - a potion of brilliance {unknown}
 H - a potion of resistance {unknown}
 J - a potion of magic {unknown}


   Skills:
 + Level 5.3 Fighting
 * Level 5.8 Axes
 - Level 1.0 Throwing
 + Level 3.9 Armour
 + Level 4.4 Dodging
 + Level 4.0 Spellcasting
 * Level 6.4 Translocations


You had 10 spell levels left.
You knew the following spells:

 Your Spells              Type           Power      Damage    Failure   Level
a - Blink                 Tloc           56%        N/A       1%          2
b - Manifold Assault      Tloc           28%        N/A       10%         4

Your spell library contained the following spells:

 Spells                   Type           Power      Damage    Failure   Level
 Lesser Beckoning         Tloc           56%        N/A       1%          2
 Teleport Other           Tloc           28%        N/A       3%          3
 Vhi's Electric Charge    Tloc/Air       32%        N/A       11%         3
 Slow                     Hex            12%        N/A       14%         1
 Static Discharge         Conj/Air       6%         2-3/arc   21%         2
 Confusing Touch          Hex            3%         N/A       38%         3
 Vampiric Draining        Necr           3%         2d6       38%         3
 Arcjolt                  Conj/Air       1%         1d11      98%         5
 Lightning Bolt           Conj/Air       1%         1d12      98%         5


Dungeon Overview and Level Annotations

Branches:
Dungeon (6/15)             Temple (0/1) D:4

Shops:
D:2 ?


Innate Abilities, Weirdness & Mutations

You have an increased reservoir of magic. (+10% MP)
You shall have no god before yourself.
Your divine heritage dramatically boosts your attributes as you level up.
You possess an exceptional clarity of mind.
You are strong-willed. (Will+)


Message History

* * * LOW HITPOINT WARNING * * *
Okay, then.
You feel better.
The hornet stings you but does no damage.
The gnoll sergeant barely misses you.
Blink to where?
Press: ? - help, Dir - move target
As you read the scroll of blinking, it crumbles to dust.
Okay, then.
Something appears at your feet!
Aiming: Mindburst
Press: ? - help, Shift-Dir - straight line, f - hornet
Aim: a hornet (chance to affect: 55%)
The hornet's mind is blasted!
The hornet closely misses you.
Aiming: Mindburst
Press: ? - help, Shift-Dir - straight line, f/p - hornet
Aim: a hornet (heavily wounded, chance to affect: 55%)
The hornet's mind is blasted!
The hornet stings you but does no damage.
The hornet stings you.
* * * LOW HITPOINT WARNING * * *
You are too injured to fight recklessly!
Cleave: u) +1 battleaxe (freeze)
Press: ? - help, Dir - move target, f/p - hornet
Aim: a hornet (almost dead, about 56% to evade your +1 battleaxe of freezing)
You slash the hornet! You freeze the hornet.
You kill the hornet!
The gnoll sergeant hits you from afar with a +3 heavy spear.
* * * LOW HITPOINT WARNING * * *
Your Spellcasting skill increases to level 4!
You have reached level 9!
Your experience leads to a dramatic increase in your attributes!
Your base attributes are Str 16, Int 19, Dex 13.
Increase (S)trength, (I)ntelligence, or (D)exterity?
You feel stronger. x4
Okay, then.
Okay, then.
The gnoll sergeant hits you from afar with a +3 heavy spear!
You die...

### #.#
#########.######
#.....@.g.......
####.####†######
# #.# #.#
#.####.#
#......#
######.#####g..
#..)......
#..).....YY.


You could see a gnoll sergeant.

Vanquished Creatures
  A two-headed ogre (D:5)
  Psyche (D:8)
  A hornet (D:8)
  The ghost of baller8008 the Conjurer, an amateur DECj (D:4)
  A water moccasin (D:6)
  Duvessa (D:5)
  An ice beast (D:5)
  Blork the orc (D:4)
  A bullfrog (D:4)
  2 scorpions
  A necrophage (D:2)
  Dowan (D:5)
  2 orc priests
  A hound (D:5)
  A jelly (D:6)
  2 iguanas
  6 orc wizards
  13 gnolls
  8 adders
  A shadow imp (D:6)
  A white imp (D:4)
  An ufetubus (D:5)
  3 worms (D:4)
  A dart slug (D:4)
  10 orcs
  3 bats
  8 endoplasms
  3 giant cockroaches
  4 goblins
  7 hobgoblins
  7 jackals
  6 kobolds
  5 quokkas
  8 ball pythons
  2 frilled lizards (D:2)
  3 rats
119 creatures vanquished.

Notes
Turn   | Place    | Note
-------+----------+-------------------------------------------
     0 | D:1      | purpskrrrp the Demigod Warper began the quest for the Orb.
     0 | D:1      | Reached XP level 1. HP: 17/17 MP: 5/5
    72 | D:1      | Reached skill level 1 in Throwing
    84 | D:1      | Reached skill level 1 in Armour
   225 | D:1      | Reached XP level 2. HP: 24/24 MP: 7/7
   660 | D:1      | Reached skill level 3 in Translocations
  1089 | D:2      | Reached XP level 3. HP: 14/29 MP: 8/8
  1274 | D:2      | Identified 3 scrolls of acquirement
  1274 | D:2      | Acquired the +4 cloak of Fortitude {Harm rC+ Str+3}
  1287 | D:2      | Acquired 812 gold pieces
  1289 | D:2      | Gained mutation: You possess an exceptional clarity of
                  | mind. [potion of mutation]
  1289 | D:2      | Gained mutation: You are strong-willed. (Will+) [potion of
                  | mutation]
  1294 | D:2      | Noticed a necrophage
  1301 | D:2      | Killed a necrophage
  1302 | D:2      | Reached XP level 4. HP: 33/36 MP: 10/10
  1720 | D:2      | Found Doddoiw's Magic Scroll Shoppe.
  1728 | D:2      | Bought a scroll of identify for 28 gold pieces
  1728 | D:2      | Bought a scroll of enchant armour for 105 gold pieces
  1728 | D:2      | Bought a scroll of enchant armour for 105 gold pieces
  1728 | D:2      | Bought a scroll of identify for 28 gold pieces
  1728 | D:2      | Bought a scroll of fear for 56 gold pieces
  1728 | D:2      | Bought a scroll of blinking for 105 gold pieces
  2184 | D:3      | Reached XP level 5. HP: 18/42 MP: 11/11
  2797 | D:3      | Identified the +3 short sword of the Manifold Quests
                  | {flame, rElec Int+5}
  2933 | D:3      | Identified the +2 robe of Binutifa {rPois Dex+5}
  2953 | D:3      | Acquired a +1 battleaxe of freezing
  2980 | D:3      | Learned a level 2 spell: Blink
  2985 | D:3      | Learned a level 4 spell: Manifold Assault
  3156 | D:4      | Reached skill level 4 in Translocations
  3184 | D:4      | Reached XP level 6. HP: 50/50 MP: 12/12
  3466 | D:4      | Found a runed translucent door.
  3467 | D:4      | Found a staircase to the Ecumenical Temple.
  3472 | D:4      | Noticed baller8008's ghost (amateur DECj)
  3752 | D:4      | Noticed Blork the orc
  3759 | D:4      | Killed Blork the orc
  3979 | D:4      | Reached XP level 7. HP: 42/57 MP: 14/14
  3993 | D:4      | Killed baller8008's ghost
  4081 | D:5      | Entered Level 5 of the Dungeon
  4084 | D:5      | Noticed a two-headed ogre
  4094 | D:5      | Reached skill level 5 in Translocations
  4094 | D:5      | Killed a two-headed ogre
  4095 | D:5      | Reached XP level 8. HP: 38/67 MP: 14/16
  4201 | D:5      | Reached skill level 5 in Axes
  4469 | D:5      | Noticed Duvessa
  4478 | D:5      | Killed Duvessa
  4516 | D:5      | Noticed Dowan
  4529 | D:5      | Killed Dowan
  5003 | D:6      | Reached skill level 6 in Translocations
  5045 | D:6      | Noticed a two-headed ogre
  5315 | D:6      | HP: 1/67 [two-headed ogre/+0 giant spiked club (27)]
  5670 | D:6      | You fall into a shaft and drop 2 floors!
  5673 | D:8      | Noticed Psyche
  5690 | D:8      | Noticed a hornet
  5691 | D:8      | Killed Psyche
  5692 | D:8      | Reached skill level 5 in Fighting
  5697 | D:8      | Acquired a +1 pair of gloves of dexterity
  5700 | D:8      | Killed a hornet
  5700 | D:8      | HP: 1/68 [gnoll sergeant/+3 heavy spear (7)]
  5701 | D:8      | Reached XP level 9. HP: 1/74 MP: 18/18
  5702 | D:8      | Mangled by a gnoll sergeant

Illustrated notes

Levels and vault maps discovered:
D:1:      dpeg_arrival_boxes_within_box, layout_basic
D:2:      layout_loops_ring, serial_shops, shop, nicolae_kite_square_tiling_tiny
D:3:      layout_rooms, okawaru_metal_pillars_3, ebering_ecumenical_altar_rust
D:4:      layout_basic, minmay_temple_entry_overgrown, ebering_ghost_sewer_d,
          minmay_manual_monstrance, uniq_blork_the_orc
D:5:      layout_basic, uniq_duvessa
D:6:      layout_gridville, mainiacjoe_overflow_tiny_flanked,
          grunt_temple_overflow_open, cheibrodos_ashenzari_chains, minivault_5,
          minmay_pentangle
D:8:      layout_basic, trog_wizard, chequers_serial_rivers_marsh, uniq_psyche,
          uniq_joseph

Skill      XL: |  1  2  3  4  5  6  7  8 |
---------------+-------------------------+-----
Throwing       | 1 |  1.0
Armour         | 1 2 3 |  3.9
Dodging        | 2 3 4 |  4.4
Translocations | 3 4 5 6 |  6.4
Fighting       | 2 3 4 5 |  5.3
Axes           | 2 3 4 5 |  5.8
Spellcasting   | 2 3 4 |  4.0

Action                     |  1- 3 |  4- 6 |  7- 9 || total
---------------------------+-------+-------+-------++-------
  Melee: Hand axe          |   102 |    99 |       ||   201
         Punch             |     2 |     1 |       ||     3
         Battleaxe         |       |    70 |    65 ||   135
  Throw: Boomerang         |     7 |       |       ||     7
         Dart              |       |       |    12 ||    12
         Throwing net      |       |       |     2 ||     2
  Evoke: Wand              |       |       |     9 ||     9
    Use: Scroll            |     3 |     6 |     6 ||    15
         Potion            |     1 |     1 |     4 ||     6
   Stab: Sleeping          |       |     3 |       ||     3
 Armour: Leather armour    |    30 |    46 |       ||    76
         Robe              |       |    39 |    44 ||    83
  Dodge: Dodged            |    70 |   111 |   103 ||   284

Table legend: (Time is in decaauts)
 A = Elapsed time spent in this place.
 B = Non-inter-level travel time spent in this place.
 C = Inter-level travel time spent in this place.
 D = Time resting spent in this place.
 E = Time spent auto-exploring this place.
 F = Levels seen in this place.
 G = Mean time per level.
                   A        B        C        D        E       F      G
               +--------+--------+--------+--------+--------+-----+--------+
         Total |   5821 |   5603 |    218 |   1119 |   3454 |   7 |  831.6 |
       Dungeon |   5821 |   5603 |    218 |   1119 |   3454 |   7 |  831.6 |
               +--------+--------+--------+--------+--------+-----+--------+

Top non-repeatable levels by time:
     D:5: 1460 daAuts
     D:4: 1134 daAuts
     D:3: 1087 daAuts
     D:1: 1008 daAuts
     D:2: 941 daAuts
     D:6: 149 daAuts
     D:8: 39 daAuts
